[Event "Titled Tuesday Blitz February 14 Late 2023"]
[White "Forgacs, Attila Jr."]
[Black "Saveliev, Alexei"]
[WhiteFideId "773654"]
[BlackFideId "24128546"]
[WhiteElo "2264"]
[BlackElo "2385"]
[Result "0-1"]
[Round "05"]
[TimeControl "180+2"]
[Date "2023.02.14"]
[WhiteClock "0:00:02"]
[BlackClock "0:00:07"]

1. e4 g6 2. d4 Bg7 3. Nc3 d6 4. f4 Nc6 5. Nf3 Bg4 6. Be3 Bxf3 7. gxf3 e5 8. dxe5 dxe5 9. Qxd8+ Rxd8 10. fxe5 Nxe5 11. Be2 Nf6 12. O-O O-O 13. Rad1 a6 14. h3 Nc6 15. Bg5 h6 16. Bh4 g5 17. Bf2 Nh5 18. Rfe1 Nf4 19. Bf1 Nd4 20. Bxd4 Bxd4+ 21. Kh2 c6 22. Kg3 b5 23. Ne2 Nxe2+ 24. Bxe2 Bxb2 25. Rxd8 Rxd8 26. Rd1 Rxd1 27. Bxd1 Kg7 28. f4 Kf6 29. Bg4 gxf4+ 30. Kxf4 Bc1+ 31. Kf3 Ke5 32. Bc8 a5 33. Bd7 Kd6 34. Be8 f6 35. Ke2 Bg5 36. Kd3 Kc5 37. Kc3 Bf4 38. Kb3 Bd2 39. Kb2 b4 40. Kb3 Kb5 41. Kb2 a4 42. Kb1 a3 43. Bd7 Kc5 44. Be8 Kd6 45. Bf7 c5 46. Bg6 Ke5 47. Bf5 Kf4 48. Bg6 Kg5 49. Bf5 h5 50. Bh7 Kf4 51. Bf5 Kf3 52. Bg6 h4 53. Bf5 Ke3 54. Bg6 Kf4 55. Bf5 Kg3 56. Bg6 Kxh3 57. Bf5+ Kg3 58. e5 fxe5 59. Be4 Bc3 60. Kc1 h3 61. Kd1 Kf2 62. Bd5 h2 63. Bh1 Kg1 64. Ke2 Kxh1 65. Kf1 e4 66. Ke2 c4 67. Kf1 e3 68. Ke2 Kg2 69. Kd1 Kf2 70. Kc1 h1=Q# 0-1


[Site "https://www.chess.com"]

[Event "Titled Tuesday Blitz February 14 Late 2023"]
[White "CheckBits"]
[Black "Alvarez Calzadilla, Jose Avelino"]
[BlackFideId "3526151"]
[WhiteElo "2468"]
[BlackElo "2386"]
[Result "0-1"]
[Round "05"]
[TimeControl "180+2"]
[Date "2023.02.14"]
[WhiteClock "0:00:04"]
[BlackClock "0:00:45"]

1. d4 Nf6 2. Bf4 d6 3. Nf3 Nbd7 4. h3 c6 5. Nbd2 Qc7 6. e4 e5 7. Bh2 Be7 8. a4 O-O 9. dxe5 dxe5 10. Bc4 h6 11. O-O Re8 12. Nh4 Bf8 13. Qf3 Nb6 14. Bb3 Be6 15. Nf5 Bxb3 16. Nxb3 Re6 17. a5 Nc4 18. a6 b6 19. Qe2 Nd6 20. f3 Nxf5 21. exf5 Ree8 22. Rfe1 Qd7 23. g4 e4 24. Rad1 Qc8 25. Qg2 e3 26. Rd3 Nd5 27. Nd4 Bc5 28. Kh1 Nb4 29. Rb3 Qxa6 0-1


[Site "https://www.chess.com"]

[Event "Titled Tuesday Blitz February 14 Late 2023"]
[White "Poliakova, Varvara"]
[Black "Dinu, Dumitru-Daniel"]
[WhiteFideId "13518313"]
[BlackFideId "1208403"]
[WhiteElo "2010"]
[BlackElo "2203"]
[Result "1-0"]
[Round "05"]
[TimeControl "180+2"]
[Date "2023.02.14"]
[WhiteClock "0:00:29"]
[BlackClock "0:00:02"]

1. e4 c5 2. Nf3 e6 3. d4 cxd4 4. Nxd4 Nc6 5. Nc3 Nf6 6. Ndb5 Bb4 7. a3 Bxc3+ 8. Nxc3 d5 9. exd5 exd5 10. Qe2+ Be6 11. Bg5 O-O 12. O-O-O Qc7 13. Bxf6 Qf4+ 14. Qd2 Qxf6 15. Bd3 Rac8 16. f4 Na5 17. f5 d4 18. Qe1 dxc3 19. fxe6 Qxe6 20. Qxe6 fxe6 21. b4 Nc4 22. Rhe1 Nb2 23. Bxh7+ Kxh7 24. Rd7 Rf6 25. Rxb7 Rcf8 26. Kb1 Rf1 27. Rxf1 Rxf1+ 28. Ka2 Nd3 29. Rxa7 Nc1+ 30. Kb1 Nb3+ 31. Ka2 Nc1+ 32. Kb1 Nd3+ 33. Ka2 Rf2 34. Kb3 Nc1+ 35. Kxc3 Ne2+ 36. Kc4 Rxg2 37. b5 Rg4+ 38. Kc5 Nf4 39. b6 Rg5+ 40. Kc6 1-0


[Site "https://www.chess.com"]

[Event "Titled Tuesday Blitz February 14 Late 2023"]
[White "Klose, Eli"]
[Black "Delorme, Axel"]
[WhiteFideId "16242955"]
[BlackFideId "632023"]
[WhiteElo "1519"]
[BlackElo "2483"]
[Result "1-0"]
[Round "05"]
[TimeControl "180+2"]
[Date "2023.02.14"]
[WhiteClock "0:01:18"]
[BlackClock "0:00:11"]

1. e4 c5 2. Nc3 a6 3. g3 b5 4. Bg2 Bb7 5. d3 e6 6. Nh3 Be7 7. O-O Nc6 8. f4 d6 9. f5 Nf6 10. fxe6 fxe6 11. Ng5 Qd7 12. Nd5 exd5 13. Bh3 Qc7 14. Ne6 Qb6 15. Nxg7+ Kd8 16. Ne6+ Kc8 17. Bg5 c4+ 18. Kh1 dxe4 19. Bxf6 Bxf6 20. Rxf6 exd3 21. Nc5+ Kd8 22. Rxd6+ Ke7 23. Rd7+ Ke8 24. Qh5+ 1-0


[Site "https://www.chess.com"]

[Event "Titled Tuesday Blitz February 14 Late 2023"]
[White "Martynov, Pavel"]
[Black "Fernandez, Maria Florencia"]
[WhiteFideId "4101260"]
[BlackFideId "116459"]
[WhiteElo "2414"]
[BlackElo "2129"]
[Result "1-0"]
[Round "05"]
[TimeControl "180+2"]
[Date "2023.02.14"]
[WhiteClock "0:00:28"]
[BlackClock "0:00:01"]

1. e4 c5 2. Nf3 d6 3. Bb5+ Nd7 4. O-O Nf6 5. Re1 g6 6. c3 Bg7 7. d4 cxd4 8. cxd4 O-O 9. Nc3 a6 10. Bf1 e5 11. h3 h6 12. a4 Re8 13. Be3 Nh5 14. Qb3 Nf8 15. Bc4 Ne6 16. Rad1 Qe7 17. Nd5 Qf8 18. Nb6 Rb8 19. dxe5 dxe5 20. Bd2 Kh7 21. Bb4 Qh8 22. Bd6 Nhf4 23. Bxb8 Nc5 24. Qe3 Nce6 25. Bd6 g5 26. Nd5 Kg8 27. Ne7+ Kh7 28. Nf5 Bf8 29. Bxe5 f6 30. Bc3 1-0


[Site "https://www.chess.com"]

[Event "Titled Tuesday Blitz February 14 Late 2023"]
[White "Vovk, Orest"]
[Black "Todev, Simeon"]
[WhiteFideId "14113490"]
[BlackFideId "2925133"]
[WhiteElo "2315"]
[BlackElo "2033"]
[Result "1-0"]
[Round "05"]
[TimeControl "180+2"]
[Date "2023.02.14"]
[WhiteClock "0:00:07"]
[BlackClock "0:00:04"]

1. h4 e5 2. h5 d5 3. h6 g6 4. d4 exd4 5. Qxd4 Nf6 6. Bg5 Be7 7. Nc3 c5 8. Qh4 Be6 9. O-O-O Nc6 10. Nf3 O-O 11. e4 d4 12. e5 Nd5 13. Nxd5 Bxd5 14. Bxe7 Nxe7 15. Qf4 Nc6 16. Bb5 Nb4 17. a3 Na2+ 18. Kb1 a6 19. c4 dxc3 20. Rxd5 Qxd5 21. Qf6 c2+ 22. Ka1 Qd1+ 23. Rxd1 cxd1=Q+ 24. Kxa2 Qd5+ 25. b3 1-0


[Site "https://www.chess.com"]

[Event "Titled Tuesday Blitz February 14 Late 2023"]
[White "Al-Tarboush, Ward"]
[Black "Lopez Idarraga, Daniel Eduardo"]
[WhiteFideId "7601450"]
[BlackFideId "4405501"]
[WhiteElo "2256"]
[BlackElo "2009"]
[Result "0-1"]
[Round "05"]
[TimeControl "180+2"]
[Date "2023.02.14"]
[WhiteClock "0:00:05"]
[BlackClock "0:00:10"]

1. e4 Nf6 2. e5 Nd5 3. d4 d6 4. Nf3 Bg4 5. Be2 e6 6. exd6 cxd6 7. c4 Nb6 8. Nc3 Be7 9. O-O O-O 10. Be3 Nc6 11. b3 d5 12. c5 Nd7 13. h3 Bh5 14. Rb1 a5 15. Nb5 b6 16. Rc1 bxc5 17. dxc5 Rc8 18. Qd2 Bxf3 19. Bxf3 Nce5 20. c6 Nxf3+ 21. gxf3 Ne5 22. Nd4 Ba3 23. Rc2 Qh4 24. Kg2 Ng6 25. Qxa5 Bd6 26. Nb5 Bf4 27. Rg1 Qh5 28. c7 d4 29. Bxf4 Nxf4+ 30. Kf1 Qf5 31. Qd2 Qxb5+ 32. Rc4 e5 33. Rg5 Rxc7 34. Qc1 Rfc8 35. h4 Rxc4 36. bxc4 Qxc4+ 37. Qxc4 Rxc4 38. Kg1 Nh3+ 39. Kg2 Nxg5 40. hxg5 Ra4 41. f4 Rxa2 42. f5 Re2 43. f6 d3 44. Kf3 e4+ 45. Kf4 d2 46. g6 d1=Q 47. Ke5 Rxf2 48. gxh7+ Kxh7 49. fxg7 Kxg7 50. Kxe4 Qe1+ 51. Kd3 Rd2+ 0-1


[Site "https://www.chess.com"]

[Event "Titled Tuesday Blitz February 14 Late 2023"]
[White "Gomes, Luiz Alexandre de Souza"]
[Black "AyMitecK"]
[WhiteFideId "2102790"]
[WhiteElo "2254"]
[BlackElo "2577"]
[Result "0-1"]
[Round "05"]
[TimeControl "180+2"]
[Date "2023.02.14"]
[WhiteClock "0:00:13"]
[BlackClock "0:00:39"]

1. e4 e6 2. d4 d5 3. e5 c5 4. c3 Nc6 5. Nf3 Qb6 6. Bd3 cxd4 7. O-O Bd7 8. Re1 Rc8 9. a3 Nge7 10. cxd4 Nxd4 11. Nc3 Nxf3+ 12. Qxf3 a6 13. h4 Nc6 14. Qg3 g6 15. h5 Qc7 16. Bf4 Ne7 17. Rac1 Qb6 18. b4 gxh5 19. Qh4 Ng6 20. Bxg6 hxg6 21. Qf6 Rg8 22. Nxd5 Qd8 23. Rxc8 Bxc8 24. Qxd8+ Kxd8 25. Nf6 Rh8 26. Be3 Kc7 27. Rc1+ Kb8 28. Bb6 Be7 29. Rc7 Bd8 30. Rxf7 Bxb6 31. Rg7 Bd4 32. Rxg6 Bxe5 33. Ne4 Bd4 34. Kh2 e5 35. f3 h4 36. Nd6 Rd8 37. Nf7 Rd7 38. Ng5 Rc7 39. Rg8 Rc2 40. Nf7 h3 41. Nd6 Rxg2+ 42. Rxg2 hxg2 43. Kxg2 Be6 0-1


[Site "https://www.chess.com"]

[Event "Titled Tuesday Blitz February 14 Late 2023"]
[White "Urbina Perez, Juan Antonio"]
[Black "Papp, Levente"]
[WhiteFideId "2217368"]
[BlackFideId "751243"]
[WhiteElo "2266"]
[BlackElo "2353"]
[Result "1/2-1/2"]
[Round "05"]
[TimeControl "180+2"]
[Date "2023.02.14"]
[WhiteClock "0:01:12"]
[BlackClock "0:00:12"]

1. d4 Nf6 2. Nf3 b6 3. c4 Bb7 4. Nc3 e6 5. a3 Be7 6. d5 O-O 7. g3 c6 8. Bg2 exd5 9. cxd5 Nxd5 10. Nxd5 cxd5 11. Nd4 Nc6 12. Nf5 Na5 13. Nxe7+ Qxe7 14. O-O Qe6 15. Bd2 Nc4 16. Bc3 Rfe8 17. e3 Nd6 18. Qd4 f6 19. Rfd1 Ne4 20. Bxe4 Qxe4 21. Qxe4 Rxe4 22. Bd4 Re6 23. Rac1 Rc6 24. Rc3 Kf7 25. Rdc1 Ke6 26. Kf1 Rac8 27. Ke1 g5 28. f3 h5 29. b4 Rxc3 30. Rxc3 Rxc3 31. Bxc3 d4 32. Bxd4 Bxf3 33. h4 Bc6 34. Ke2 Kf5 35. Kf2 Bb5 36. Bc3 Ke6 37. Bd4 Bd3 38. a4 g4 39. a5 bxa5 40. bxa5 a6 41. Bb6 Kd5 42. Bd4 f5 43. Bb6 Kc4 44. Bd4 d5 45. Bb6 Kb5 46. Ke1 Be4 47. Kd2 Kc4 48. Ke2 Kb4 49. Kf2 Kc3 50. Ke2 Bf3+ 51. Kf2 Kd3 52. Ba7 Ke4 53. Bd4 Bd1 54. Bc5 Ba4 55. Bd4 Kd3 56. Bb6 Kc4 57. Bd4 Bc6 58. Bb6 Kb5 59. Ke2 Kc4 60. Kf2 Bb5 61. Bd4 Kd3 62. Bb6 Ke4 63. Bd4 Kd3 64. Bb6 Ke4 65. Bd4 Kd3 1/2-1/2


[Site "https://www.chess.com"]

[Event "Titled Tuesday Blitz February 14 Late 2023"]
[White "Nefedov, Sergey"]
[Black "Hoffmann, Asa"]
[WhiteFideId "24113417"]
[BlackFideId "2001470"]
[WhiteElo "2300"]
[BlackElo "2185"]
[Result "1-0"]
[Round "05"]
[TimeControl "180+2"]
[Date "2023.02.14"]
[WhiteClock "0:00:56"]
[BlackClock "0:00:50"]

1. d4 Nf6 2. Nf3 d6 3. c4 c6 4. Nc3 Bf5 5. Bg5 Nbd7 6. Nh4 Ne4 7. Bxe7 Bxe7 8. Nxf5 Nxc3 9. bxc3 O-O 10. e3 Re8 11. Nxe7+ Qxe7 12. Bd3 Qh4 13. O-O Nf6 14. Qf3 d5 15. cxd5 cxd5 16. Rab1 b6 17. c4 Ne4 18. Bxe4 dxe4 19. Qg3 Qe7 20. Rfc1 Rac8 21. Rc3 Rc7 22. Qf4 Rec8 23. Qf5 g6 24. Qd5 Rd7 25. Qb5 Rdc7 26. a4 h5 27. Rbc1 h4 28. h3 f5 29. a5 Qf6 30. axb6 axb6 31. c5 f4 32. Qb3+ Kg7 33. cxb6 Rxc3 34. Rxc3 Rxc3 35. Qxc3 fxe3 36. Qc7+ Kh6 37. fxe3 1-0


[Site "https://www.chess.com"]

[Event "Titled Tuesday Blitz February 14 Late 2023"]
[White "Richter, Paul"]
[Black "Benmesbah, Natacha"]
[WhiteFideId "2046350"]
[BlackFideId "642002"]
[WhiteElo "2171"]
[BlackElo "2261"]
[Result "1/2-1/2"]
[Round "05"]
[TimeControl "180+2"]
[Date "2023.02.14"]
[WhiteClock "0:00:09"]
[BlackClock "0:00:04"]

1. e4 c5 2. Nf3 Nc6 3. d4 cxd4 4. Nxd4 Nf6 5. Nc3 e5 6. Ndb5 d6 7. Bg5 a6 8. Na3 Be6 9. Nc4 Rc8 10. Be3 b5 11. Nb6 Rb8 12. Nbd5 Be7 13. Nxf6+ Bxf6 14. a4 O-O 15. axb5 axb5 16. Nxb5 d5 17. exd5 Bxd5 18. c4 Be6 19. Qxd8 Rfxd8 20. Be2 e4 21. Rb1 Ne5 22. b3 Nd3+ 23. Bxd3 exd3 24. Kd2 Bf5 25. f3 Be7 26. g4 Bb4+ 27. Kd1 Bg6 28. Bd2 Bc5 29. Re1 h5 30. h3 hxg4 31. hxg4 Ra8 32. Nc3 Bb4 33. Ne4 Bxe4 34. fxe4 Bxd2 35. Kxd2 Ra2+ 36. Ke3 Rg2 37. Kf3 Rh2 38. Red1 Rh3+ 39. Kf4 f6 40. g5 Kf7 41. gxf6 gxf6 42. c5 Rdh8 43. Rg1 Re8 44. Rbe1 Rh4+ 45. Ke3 Rh3+ 46. Kd2 Ra8 47. b4 Ra2+ 48. Kc3 Rc2+ 49. Kb3 Rf2 50. Ka4 d2 51. Rd1 Rff3 52. Rgf1 Ra3+ 53. Kb5 Rhd3 54. e5 Ke6 55. Rxf6+ Kxe5 56. Rf2 Ra2 57. c6 Rb2 58. Re2+ Kd6 59. Rh2 Rd5+ 60. Kc4 Rc2+ 61. Kb3 Rxc6 62. Rh6+ Kc7 63. Rxc6+ Kxc6 64. Kc2 Kb5 65. Rxd2 Rxd2+ 66. Kxd2 Kxb4 1/2-1/2


[Site "https://www.chess.com"]

[Event "Titled Tuesday Blitz February 14 Late 2023"]
[White "Ibadov, Dashgyn"]
[Black "Szente Varga, Fruzsina"]
[WhiteFideId "24107514"]
[BlackFideId "712264"]
[WhiteElo "2391"]
[BlackElo "2075"]
[Result "1-0"]
[Round "05"]
[TimeControl "180+2"]
[Date "2023.02.14"]
[WhiteClock "0:00:53"]
[BlackClock "0:00:14"]

1. e4 Nf6 2. e5 Nd5 3. d4 d6 4. c4 Nb6 5. f4 g6 6. Nc3 Bg7 7. Be3 O-O 8. Nf3 dxe5 9. fxe5 Bg4 10. Be2 Nc6 11. O-O e6 12. Qd2 Qd7 13. Rad1 Rad8 14. b3 Bxf3 15. Bxf3 Nc8 16. Ne4 Kh8 17. Nf6 Qe7 18. Bxc6 bxc6 19. Bh6 c5 20. Qg5 Rxd4 21. Rxd4 cxd4 22. Qh4 Rg8 23. Bxg7+ Rxg7 24. Qxd4 Nb6 25. Rd1 Rg8 26. Nxg8 Kxg8 27. Qd8+ Qf8 28. Qxc7 Kg7 29. h3 Qa3 30. Qd8 Qc5+ 31. Qd4 Qa3 32. Rf1 Qxa2 33. Qf4 Qxb3 34. Qxf7+ Kh6 35. Qf8+ Kh5 36. c5 Nd5 37. Qf3+ Qxf3 38. Rxf3 Kg5 39. c6 a5 40. Rf7 a4 41. c7 Nb6 42. Rf8 a3 43. c8=Q 1-0


[Site "https://www.chess.com"]

[Event "Titled Tuesday Blitz February 14 Late 2023"]
[White "Nunez V, Gustavo Eduardo"]
[Black "Maltsevskaya, Aleksandra"]
[WhiteFideId "4403690"]
[BlackFideId "24174041"]
[WhiteElo "2212"]
[BlackElo "2390"]
[Result "1-0"]
[Round "05"]
[TimeControl "180+2"]
[Date "2023.02.14"]
[WhiteClock "0:00:55"]
[BlackClock "0:00:01"]

1. e4 c5 2. Nc3 e6 3. g3 Nc6 4. Bg2 g6 5. d3 Bg7 6. Be3 b6 7. Qd2 Bb7 8. h3 Nge7 9. Nge2 d5 10. exd5 exd5 11. Bh6 O-O 12. O-O d4 13. Bxg7 Kxg7 14. Ne4 Nd5 15. Nf4 Nxf4 16. Qxf4 Nb4 17. Qd2 Bxe4 18. Bxe4 Rc8 19. a3 Nd5 20. Bxd5 Qxd5 21. Rae1 Rfe8 22. Rxe8 Rxe8 23. Re1 Re5 24. c4 Rxe1+ 25. Qxe1 Qf3 26. Qe5+ Kh6 27. Qe7 Kg7 28. Qe5+ Qf6 29. f4 Qxe5 30. fxe5 Kf8 31. Kf2 Ke7 32. Kf3 Ke6 33. Ke4 a5 34. b3 h5 35. h4 f5+ 36. exf6 1-0


[Site "https://www.chess.com"]

[Event "Titled Tuesday Blitz February 14 Late 2023"]
[White "Fajdetic, Hrvoje"]
[Black "Aldokhin, Ivan"]
[WhiteFideId "14501945"]
[BlackFideId "24115720"]
[WhiteElo "2151"]
[BlackElo "2413"]
[Result "1-0"]
[Round "05"]
[TimeControl "180+2"]
[Date "2023.02.14"]
[WhiteClock "0:00:11"]
[BlackClock "0:00:30"]

1. d4 Nf6 2. Bf4 c5 3. d5 d6 4. Nc3 g6 5. e4 Bg7 6. Be2 O-O 7. Nf3 Bg4 8. Nd2 Bd7 9. a4 Na6 10. O-O Nc7 11. Nc4 b5 12. axb5 Nxb5 13. Nxb5 Bxb5 14. f3 Nh5 15. Bc1 e6 16. dxe6 Bxc4 17. Bxc4 Bd4+ 18. Kh1 Qh4 19. Qe1 Qf6 20. exf7+ Kg7 21. c3 d5 22. Bxd5 Be5 23. f4 Bc7 24. Bxa8 Rxa8 25. e5 Qxf7 26. Qe4 Re8 27. g4 Rxe5 28. Qg2 Re7 29. gxh5 Bb6 30. hxg6 hxg6 31. f5 c4 32. Qxg6+ Qxg6 33. fxg6 Kxg6 34. Bf4 Re2 35. Rab1 Kh5 36. Bg3 Kg5 37. Rf4 Be3 38. Rxc4 Bb6 39. b4 Kg6 40. Rc6+ Kf5 41. Rxb6 axb6 42. c4 Rc2 43. Rf1+ Ke4 44. Rf4+ Ke3 45. c5 bxc5 46. bxc5 Rxc5 47. Bf2+ Kxf4 48. Bxc5 Kg4 49. Kg2 Kh5 50. Bd4 Kg6 51. Kh3 Kh5 52. Kg3 Kg6 53. h4 Kh7 54. Kg4 Kg6 55. h5+ Kh7 56. Kg5 Kg8 57. Kg6 Kf8 58. h6 1-0


[Site "https://www.chess.com"]

[Event "Titled Tuesday Blitz February 14 Late 2023"]
[White "Martinez Reyes, Pedro Ramon"]
[Black "Gonzalez, Francisco Silva"]
[WhiteFideId "3901807"]
[BlackFideId "1512285"]
[WhiteElo "2376"]
[BlackElo "2021"]
[Result "0-1"]
[Round "05"]
[TimeControl "180+2"]
[Date "2023.02.14"]
[WhiteClock "0:00:13"]
[BlackClock "0:00:58"]

1. c4 e6 2. Nc3 d5 3. d4 a6 4. cxd5 exd5 5. Nf3 Be6 6. Bg5 Nf6 7. Qb3 b5 8. e3 Nbd7 9. Be2 c5 10. dxc5 d4 11. c6 Bxb3 12. cxd7+ Qxd7 13. Nxd4 Bc4 14. Bf3 Rc8 15. Rd1 Bb4 16. Ne2 Qe6 17. O-O O-O 18. Nf4 Qe5 19. Bxf6 Qxf6 20. Ncd5 Qd6 21. a3 Bxf1 22. Nxb4 Qxd1 23. Bxd1 Rc1 24. Kxf1 Rxd1+ 25. Ke2 Rfd8 26. Nfd3 R1xd3 27. Nxd3 a5 28. Kd2 f5 29. Kc3 Kf7 30. Ne5+ Ke6 31. Nd3 Rc8+ 32. Kd2 g5 33. Nc1 Kd5 34. Nb3 a4 35. Nd4 Kc4 36. Kc2 f4 37. Nf5 Kd5+ 38. Kd2 Ke5 39. Nd4 Rd8 40. Kc3 fxe3 41. fxe3 Ke4 42. Nxb5 Kxe3 43. Kb4 Rd2 44. b3 axb3 45. Kxb3 Rxg2 46. a4 Rf2 47. a5 Rf8 48. a6 Kf3 49. a7 Ra8 50. Kb4 Kg2 51. Kc5 h5 52. Kb6 Kxh2 53. Nd4 g4 54. Kb7 Rxa7+ 55. Kxa7 Kg2 56. Kb6 h4 57. Kc5 h3 58. Ne2 0-1


[Site "https://www.chess.com"]

[Event "Titled Tuesday Blitz February 14 Late 2023"]
[White "Kanyamarala, Tarun"]
[Black "Rios Escobar, Adan"]
[WhiteFideId "45004714"]
[BlackFideId "3403645"]
[WhiteElo "2342"]
[BlackElo "2234"]
[Result "0-1"]
[Round "05"]
[TimeControl "180+2"]
[Date "2023.02.14"]
[WhiteClock "0:00:07"]
[BlackClock "0:00:05"]

1. c4 Nf6 2. g3 g6 3. Bg2 Bg7 4. Nc3 c5 5. Nf3 O-O 6. O-O Nc6 7. d4 cxd4 8. Nxd4 Qa5 9. e4 d6 10. Nb3 Qb4 11. Nd2 Bg4 12. Qc2 Rac8 13. a3 Qc5 14. h3 Nd4 15. Qd3 Be6 16. Nd5 Bxd5 17. exd5 Nd7 18. b4 Qb6 19. Bb2 Ne5 20. Qxd4 Nf3+ 21. Nxf3 Bxd4 22. Bxd4 Qa6 23. c5 Rfd8 24. Rfd1 dxc5 25. Bxc5 e6 26. dxe6 Qxe6 27. Nd4 Qa6 28. Bf1 Qf6 29. Bxa7 b6 30. Nb5 Rxd1 31. Rxd1 Rc2 32. f4 Qe7 33. Bxb6 Qe4 34. Bf2 Qf3 35. Rd8+ Kg7 36. Bd4+ Kh6 0-1


[Site "https://www.chess.com"]

[Event "Titled Tuesday Blitz February 14 Late 2023"]
[White "Chor, Kevin"]
[Black "Sliwicki, Damian"]
[WhiteFideId "2090740"]
[BlackFideId "1127128"]
[WhiteElo "1944"]
[BlackElo "2158"]
[Result "1-0"]
[Round "05"]
[TimeControl "180+2"]
[Date "2023.02.14"]
[WhiteClock "0:00:14"]
[BlackClock "0:00:09"]

1. e4 c5 2. Nf3 g6 3. d4 cxd4 4. Nxd4 Nc6 5. Nc3 Bg7 6. Be3 Nf6 7. Bc4 O-O 8. Bb3 Ng4 9. Qd2 Nxe3 10. fxe3 Qa5 11. O-O-O d6 12. Kb1 Kh8 13. Rdf1 Nxd4 14. exd4 Be6 15. h4 Bxb3 16. axb3 h6 17. g4 Rac8 18. h5 g5 19. Rf5 Qb4 20. Rd1 a6 21. Qf2 Rxc3 22. bxc3 Qxc3 23. Rd3 Qb4 24. Rxf7 Rc8 25. Qf5 Qe1+ 26. Kb2 Qe2 27. Qxc8+ Kh7 28. Qf5+ Kg8 29. Qg6 1-0


[Site "https://www.chess.com"]

[Event "Titled Tuesday Blitz February 14 Late 2023"]
[White "Brilej, Jaka"]
[Black "Kalajzic, Ivan"]
[WhiteFideId "14618818"]
[BlackFideId "14506378"]
[WhiteElo "2321"]
[BlackElo "2062"]
[Result "1-0"]
[Round "05"]
[TimeControl "180+2"]
[Date "2023.02.14"]
[WhiteClock "0:00:45"]
[BlackClock "0:00:06"]

1. d4 Nc6 2. d5 Ne5 3. Nf3 Nxf3+ 4. exf3 e6 5. dxe6 dxe6 6. Bd3 Bb4+ 7. c3 Bc5 8. O-O Nf6 9. Qc2 h6 10. Nd2 O-O 11. Nb3 Bb6 12. Be3 Bd7 13. Rad1 Qe7 14. Bd4 Ba4 15. Be5 Nd7 16. Bg3 Nc5 17. Bc4 Rfd8 18. Qe2 Nxb3 19. axb3 Bc6 20. Be5 Rxd1 21. Rxd1 Rd8 22. f4 Bd5 23. Bd4 Bxc4 24. bxc4 Bxd4 25. cxd4 Qb4 26. g3 c5 27. d5 exd5 28. cxd5 c4 29. Qe5 Qd6 30. Qd4 b5 31. Qxa7 b4 32. Qd4 c3 33. bxc3 b3 34. Qb4 Qxb4 35. cxb4 b2 36. Rb1 Rxd5 37. Rxb2 Rb5 38. Kf1 Kf8 39. Ke2 Ke7 40. Kd3 Kd6 41. Kc4 Kc6 42. Ra2 Rh5 43. h4 Kb6 44. Ra5 1-0


[Site "https://www.chess.com"]

[Event "Titled Tuesday Blitz February 14 Late 2023"]
[White "O`Gorman, Tom"]
[Black "Torres Dominguez, David"]
[WhiteFideId "2508249"]
[BlackFideId "2220857"]
[WhiteElo "2355"]
[BlackElo "1994"]
[Result "1/2-1/2"]
[Round "05"]
[TimeControl "180+2"]
[Date "2023.02.14"]
[WhiteClock "0:00:19"]
[BlackClock "0:00:03"]

1. e4 Nc6 2. Nf3 e5 3. Bb5 Nge7 4. O-O g6 5. Re1 Bg7 6. c3 O-O 7. d4 d5 8. exd5 Qxd5 9. c4 Qd6 10. d5 Nd4 11. Nxd4 exd4 12. Bg5 Nf5 13. Nd2 f6 14. Ne4 Qd8 15. Bf4 a6 16. Ba4 b5 17. cxb5 axb5 18. Bb3 Nd6 19. Nxd6 cxd6 20. Qxd4 f5 21. Qd2 Qb6 22. Rac1 Bd7 23. Re7 Rad8 24. Be3 Qb7 25. Rc6 Bf6 26. Bg5 Bxe7 27. Bxe7 Rde8 28. Bxf8 Kxf8 29. Qh6+ Kg8 30. h4 Qa7 31. Rxd6 Re1+ 32. Kh2 Qxf2 33. Rxd7 Qg1+ 34. Kg3 Re3+ 35. Kf4 Qf2+ 36. Kg5 Qg3+ 37. Kf6 Qe5+ 38. Kg5 Qg3+ 39. Kf6 Qe5+ 40. Kg5 Qg3+ 1/2-1/2


[Site "https://www.chess.com"]

[Event "Titled Tuesday Blitz February 14 Late 2023"]
[White "Zochowski, Kacper"]
[Black "Romero Ruscalleda, Josep"]
[WhiteFideId "1125494"]
[BlackFideId "2231859"]
[WhiteElo "2262"]
[BlackElo "2160"]
[Result "1-0"]
[Round "05"]
[TimeControl "180+2"]
[Date "2023.02.14"]
[WhiteClock "0:01:41"]
[BlackClock "0:00:08"]

1. Nf3 g6 2. c4 Bg7 3. Nc3 d6 4. d4 Nf6 5. Bg5 Bf5 6. Qd2 Ne4 7. Nxe4 Bxe4 8. Bh6 Bf6 9. e3 e5 10. dxe5 dxe5 11. Qxd8+ Kxd8 12. O-O-O+ Nd7 13. Bg5 Bxg5 14. Nxg5 Bc6 15. Nxf7+ Ke7 16. Nxh8 Rxh8 17. f3 Rf8 18. Be2 h5 19. b3 a5 20. Rd2 Nc5 21. Rhd1 e4 22. f4 b6 23. Rd4 Bd7 24. Kb2 Bf5 25. g3 Ra8 26. Kc3 Rb8 27. Rg1 Ne6 28. Rdd1 Rh8 29. Rd2 Rh7 30. Bd1 Rh8 31. Be2 Nc5 32. Bf1 Rh7 33. h3 Rh8 34. Rdg2 Rd8 35. Rd2 Rh8 36. Bg2 Rh7 37. Rh1 Rg7 38. Bf1 Rg8 39. Be2 Re8 40. g4 hxg4 41. hxg4 Be6 42. Rh7+ Bf7 43. f5 Kf6 44. Rd1 gxf5 45. gxf5 Re7 46. Rdh1 Kxf5 47. Bh5 Ke6 48. Bxf7+ Rxf7 49. R1h6+ Rf6 50. Rxf6+ Kxf6 51. Rxc7 Ke5 52. Rc6 Nd3 53. Rxb6 Nb4 54. Rb5+ Kd6 55. Rxa5 Nd3 56. Rd5+ Kc6 57. Rxd3 1-0


[Site "https://www.chess.com"]

[Event "Titled Tuesday Blitz February 14 Late 2023"]
[White "Smith, Garrett L"]
[Black "Bongo Akanga Ndjila, Barthelemy"]
[WhiteFideId "2024829"]
[BlackFideId "10609431"]
[WhiteElo "2047"]
[BlackElo "1824"]
[Result "1-0"]
[Round "05"]
[TimeControl "180+2"]
[Date "2023.02.14"]
[WhiteClock "0:00:28"]
[BlackClock "0:00:11"]

1. e4 e6 2. d4 d5 3. Nc3 Nf6 4. e5 Nfd7 5. f4 c5 6. Nf3 Nc6 7. Be3 a6 8. Qd2 b5 9. dxc5 Nxc5 10. O-O-O b4 11. Ne2 Ne4 12. Qe1 Qa5 13. Kb1 Bc5 14. Ned4 Bd7 15. Nb3 Qb6 16. Nxc5 Nxc5 17. Qf2 d4 18. Nxd4 Ne4 19. Qf3 Nc3+ 20. bxc3 bxc3+ 21. Nb3 Qb4 22. Bc5 Qa4 23. Qxc3 Rc8 24. Qd3 Nb8 25. Bd6 Bb5 26. Qd2 Nc6 27. Bc5 Rd8 28. Bd3 Bxd3 29. cxd3 Ne7 30. Bxe7 Kxe7 31. Qc3 Rc8 32. Qd4 Qb5 33. Rc1 Rcd8 34. Qc5+ Qxc5 35. Nxc5 Rxd3 36. Nxd3 1-0


[Site "https://www.chess.com"]

[Event "Titled Tuesday Blitz February 14 Late 2023"]
[White "Maksimovic, Bojan"]
[Black "Sabar, Ethmane Daouda"]
[WhiteFideId "14408120"]
[BlackFideId "19600097"]
[WhiteElo "2486"]
[BlackElo "2040"]
[Result "1-0"]
[Round "05"]
[TimeControl "180+2"]
[Date "2023.02.14"]
[WhiteClock "0:01:44"]
[BlackClock "0:00:09"]

1. e4 e5 2. Nf3 Nc6 3. Bb5 f5 4. d3 fxe4 5. dxe4 Nf6 6. Bc4 Nxe4 7. O-O Nd6 8. Bb3 Be7 9. Nc3 Na5 10. Nxe5 Nxb3 11. Qh5+ Kf8 12. Ng6+ Kg8 13. Nxe7+ Qxe7 14. Nd5 Qf7 15. Qxf7+ Kxf7 16. axb3 c6 17. Nb6 Rb8 18. Bf4 Nf5 19. Bxb8 axb6 20. Rfe1 d5 21. Ba7 b5 22. Bc5 Re8 23. Rxe8 Kxe8 24. f3 Kd7 25. Re1 g6 26. g4 Nd6 27. Kf2 Ne8 28. Re7+ Kd8 29. Rxh7 Bd7 30. h4 Kc7 31. Bd4 Kd6 32. b4 b6 33. Bxb6 Nf6 34. Bc5+ Ke6 35. Re7# 1-0


[Site "https://www.chess.com"]

[Event "Titled Tuesday Blitz February 14 Late 2023"]
[White "Mikhalsky, Vladimir"]
[Black "Rorrer, Grayson"]
[WhiteFideId "14144352"]
[BlackFideId "30944996"]
[WhiteElo "2219"]
[BlackElo "2263"]
[Result "0-1"]
[Round "05"]
[TimeControl "180+2"]
[Date "2023.02.14"]
[WhiteClock "0:00:03"]
[BlackClock "0:00:02"]

1. e4 c6 2. Nc3 d5 3. Nf3 dxe4 4. Nxe4 Nf6 5. Nxf6+ exf6 6. d4 Bd6 7. Bd3 O-O 8. O-O Nd7 9. c4 Re8 10. b3 Nf8 11. Bb2 Bg4 12. h3 Bh5 13. Be2 Ng6 14. g3 Qd7 15. Kg2 Re4 16. Bd3 Rf4 17. Be2 Re8 18. Ne5 Bxe2 19. Nxd7 Bxd1 20. Raxd1 Rfe4 21. Bc3 R8e7 22. Nc5 Re2 23. Rfe1 b6 24. Rxe2 Rxe2 25. Nb7 Bf8 26. Nd8 Rxa2 27. Nxc6 Ra3 28. Rb1 a5 29. d5 a4 30. Bd4 Rxb3 31. Ra1 a3 32. Be3 Bd6 33. Nd4 Rd3 34. Nb5 Bf8 35. Bxb6 Ne5 36. c5 Rxd5 37. Rxa3 Nd7 38. Nc7 Re5 39. Ra8 Nxc5 40. Bxc5 Rxc5 41. Na6 Rc4 42. Nb8 Rc8 43. Kf3 Bd6 0-1


[Site "https://www.chess.com"]